 Dungeon Crawl Stone Soup version 0.23.0-3-gf3c87f2df8 (webtiles) character file.

Game seed: 9491472911570958194

93 Revguard the Skirmisher (level 4, -3/35 HPs)
             Began as a Demonspawn Monk on Feb 21, 2019.
             Slain by a gnoll
             ... wielding a +0 whip
              (10 damage)
             ... on level 3 of the Dungeon.
             The game lasted 00:06:37 (1631 turns).

Revguard the Skirmisher (Demonspawn Monk)           Turns: 1631, Time: 00:06:38

Health: -3/35      AC:  4    Str: 14 (17) XL:     4   Next: 36%
Magic:  4/4        EV: 13    Int: 10 (11) God:
Gold:   150        SH:  0    Dex: 15 (18) Spells: 3/3 levels left

rFire    . . .     SeeInvis .   j - +0 short sword
rCold    . . .     Gourm    .   (no shield)
rNeg     . . .     Faith    .   h - +0 leather armour
rPois    .         Spirit   .   (no helmet)
rElec    .         Reflect  .   g - +0 cloak
rCorr    .         Harm     .   (no gloves)
MR       .....                  (no boots)
Stlth    ++........             (no amulet)
HPRegen  0.11/turn              k - +5 ring of strength
MPRegen  0.09/turn              (no ring)

@: no status effects
A: talons 2, thin skeletal structure 1
a: no special abilities


You were on level 3 of the Dungeon.
You were not hungry.

You visited 1 branch of the dungeon, and saw 3 of its levels.

You collected 150 gold pieces.

Inventory:

Hand Weapons
 a - a +0 falchion
 f - a +0 dagger
 j - a +0 short sword (weapon)
Armour
 b - a +0 robe
 g - a +0 cloak (worn)
 h - a +0 leather armour (worn)
Jewellery
 k - a +5 ring of strength (left hand)
Scrolls
 d - 2 scrolls of identify {unknown}
 l - 2 scrolls of teleportation {unknown}
 o - a scroll of enchant armour {unknown}
Potions
 i - a potion of agility {unknown}
 m - a potion of might {unknown}
 n - a potion of curing {unknown}
Comestibles
 c - 4 rations


   Skills:
 + Level 3.5 Fighting
 + Level 1.4(2.3) Short Blades
 - Level 2.9(3.1) Long Blades
 + Level 0.8 Armour
 + Level 3.3 Dodging
 + Level 2.3 Stealth


You had 3 spell levels left.
You didn't know any spells.
Your spell library was empty.

Dungeon Overview and Level Annotations

Branches:
Dungeon (3/15)

Altars:
Dithmenos


Innate Abilities, Weirdness & Mutations

You have razor-sharp toenails.
You have a somewhat thin skeletal structure. (Dex +2, Stealth)


Message History

The rat is heavily wounded.
The gnoll closely misses you. The rat bites you but does no damage.
The hobgoblin hits you but does no damage.
You hit the rat.
You kill the rat!
The gnoll closely misses you. The hobgoblin hits you with a +0 club.
You hit the gnoll but do no damage. You claw the gnoll, but do no damage.
The gnoll hits you with a +0 whip.
The gnoll hits you from afar with a +0 halberd!
The hobgoblin hits you but does no damage.
You hit the gnoll.
The gnoll is lightly wounded.
The gnoll hits you with a +0 whip.
The gnoll hits you from afar with a +0 halberd.
* * * LOW HITPOINT WARNING * * *
It was a potion of degeneration.
There was something very wrong with that liquid.
You feel weakened.
You feel dopey.
You feel clumsy. The hobgoblin closely misses you.
The gnoll hits you with a +0 whip!
You die...

..... ..... ###
........# ####
#.....#.### ....
#.....#... .###
#........ ...
#.....g)# ..K##
.....#@######..#
#..ggK...#..### ##
#.##..##...g..####.
#.. ##.## #....##..
#.# #..### #......#
#. ##?..###...####
.. ##............
### #...#####.####
#..%.#.# #...


You could see 2 gnolls, a hobgoblin and a kobold.

Vanquished Creatures
  3 adders
  A worm (D:2)
  2 dart slugs
  3 leopard geckos (D:2)
  An orc (D:3)
  3 giant cockroaches
  7 goblins
  7 hobgoblins
  4 jackals (D:1)
  6 kobolds
  3 ball pythons
  6 bats
  6 frilled lizards
  4 rats
56 creatures vanquished.

Notes
Turn   | Place    | Note
-------+----------+-------------------------------------------
     0 | D:1      | Revguard the Demonspawn Monk began the quest for the Orb.
     0 | D:1      | Reached XP level 1. HP: 18/18 MP: 1/1
   117 | D:1      | Gained mutation: You have a somewhat thin skeletal
                  | structure. (Dex +2, Stealth) [demonic ancestry]
   117 | D:1      | Reached XP level 2. HP: 18/24 MP: 2/2
   801 | D:1      | Gained mutation: You have sharp toenails. [demonic
                  | ancestry]
   801 | D:1      | Reached XP level 3. HP: 26/29 MP: 3/3
  1230 | D:2      | Found a shadowy altar of Dithmenos.
  1258 | D:2      | Reached skill level 1 in Short Blades
  1389 | D:2      | Gained mutation: You have razor-sharp toenails. [demonic
                  | ancestry]
  1389 | D:2      | Reached XP level 4. HP: 33/35 MP: 4/4
  1631 | D:3      | Slain by a gnoll

Skill      XL: |  1  2  3 |
---------------+----------+-----
Dodging        | 3 |  3.3
Stealth        | 2 |  2.3
Short Blades   | 1 |  1.4
Fighting       | |  3.5
Long Blades    | |  2.9
Armour         | |  0.8

Action                   |  1- 3 |  4- 6 || total
-------------------------+-------+-------++-------
Melee: Falchion          |    18 |       ||    18
       Dagger            |    84 |       ||    84
       Short sword       |    36 |    31 ||    67
       Kick              |    10 |     9 ||    19
  Use: Potion            |       |     1 ||     1
 Stab: Sleeping          |     8 |     1 ||     9
  Eat: Chunk             |     1 |     1 ||     2
Armor: Robe              |    11 |       ||    11
       Leather armour    |    21 |     6 ||    27
Dodge: Dodged            |   107 |    25 ||   132
       Rpst.: Falchion   |     5 |       ||     5
